Unix NetHack Version 5.0.0-0 post-release - last build May 31 2026 23:59:36 (970b52f25bf058293b47ddfd14a1e40e571c508c,branch:main).

Game began 2026-06-04 06:21:14, ended 2026-06-05 04:18:19.

Enkindle23, chaotic female elven Ranger

                                                    -----
                                                     ...|
                                                    -...|      -----------
                                                    |...|      |.........|
                                                    +...|      |.........|
                                                    |...|      |.........|
                                           ---------|...|      ----..-----
              -----                        |....|(%!|...|         # #
              |....#####           -       |..*.|!%%|...|           #
              |...|    #           |..     |....|%%!|...|       #   ##
              |...|    #           |....   |....|...|...%####[##     #
              |...|    #| --+----+--...... --|---|---...|    ###  ---|-
          ####....|    #|.................)f@[%..(......|#########-...|
    ####  #   ---|-    #|@.........@    -----|-|-----...|#        |.<.|
  --.--#####           #|...                ..|..|..-...|#        |...|
  |...-####            #|                  |..|..|..|...|#        |...|
  |>..|   ######       #                   --------------#    ####-...|
  -----        ################################################   -----

Enkindle23 the Trailblazer   St:16 Dx:11 Co:15 In:14 Wi:13 Ch:7  Chaotic
Dlvl:8  $:84 HP:0(54) Pw:39(39) AC:4  Xp:7 T:2692 

Latest messages:
 The elven arrow hits the floating eye!
 In what direction? 4
 You shoot 3 elven arrows.
 The 1st elven arrow hits the floating eye.
 The 2nd elven arrow hits the floating eye!
 You kill the floating eye!
 The 3rd elven arrow hits the hill orc!
 The hill orc picks up 2 +2 elven arrows.
 You see the snake slither under an elven arrow.
 In what direction? 4
 You feel more confident in your weapon skills.
 The elven arrow hits the hill orc!
 a - a +1 elven dagger (weapon in right hand).
 b - a +1 elven bow (alternate weapon; not wielded).
 The hill orc misses!
 You kill the hill orc!
 The giant ant misses!
 You hit the giant ant!
 The giant ant bites!
 You hit the giant ant!
 The giant ant bites!
 The giant ant bites!
 You miss the giant ant.
 The giant ant just misses!
 You kill the giant ant!
 A snake was hidden under a +2 elven arrow!
 The snake bites!
 The snake bites!
 c - 2 +2 elven arrows (in quiver) (35 in total).
 The snake bites!
 b - a +1 elven bow (weapon in right hand).
 a - a +1 elven dagger (alternate weapon; not wielded).
 The snake bites!
 In what direction? 4
 The elven arrow hits the snake!
 The snake bites!
 The snake bites!
 In what direction? 4
 You shoot 3 elven arrows.
 The 1st elven arrow hits the snake.
 The 2nd elven arrow hits the snake!
 The 3rd elven arrow hits the snake!
 You kill the snake!
 The lynx hits!
 You die...
 Do you want your possessions identified? [ynq] (y) y
 Do you want to see your attributes? [ynq] (y) y
 Do you want an account of creatures vanquished? [ynaq] (y) y
 Do you want to see your conduct and achievements? [ynq] (y) y
 Do you want to see the dungeon overview? [ynq] (y) y

Inventory:
 Coins    ('$')
  $ - 84 gold pieces
 Weapons  (')')
  c - 31 +2 elven arrows (in quiver)
  d - 30 +0 elven arrows
  b - a +1 elven bow (weapon in right hand)
  a - a +1 elven dagger (alternate weapon; not wielded)
 Armor    ('[')
  h - an uncursed +0 small shield (being worn)
  e - an uncursed +2 elven cloak (being worn)
  o - an uncursed +0 leather armor (being worn)
 Comestibles  ('%')
  f - 3 uncursed lembas wafers
 Wands    ('/')
  g - a wand of slow monster (0:4)
 Gems/Stones  ('*')
  i - 2 uncursed worthless pieces of yellow glass

Enkindle23 the Ranger's attributes:

Background:
 You were a Trailblazer, a level 7 female elven Ranger.
 You were chaotic, on a mission for Mars
 who was opposed by Mercury (lawful) and Venus (neutral).
 You were right-handed.
 You were in the Gnomish Mines, on level 8.
 You entered the dungeon 2692 turns ago.
 It was nighttime.
 You had 733 experience points, 547 more were needed to attain level 8.

Basics:
 You had 0 out of 54 hit points.
 You had all 39 energy points (spell power).
 Your armor class was 4.
 Your wallet contained 84 zorkmids.
 Autopickup was off.

Final Characteristics:
 Your strength was 16 (limit:18).
 Your dexterity was 11 (limit:18).
 Your constitution was 15 (limit:16).
 Your intelligence was 14 (limit:20).
 Your wisdom was 13 (limit:20).
 Your charisma was 7 (limit:18).

Final Status:
 You weren't hungry.
 You were unencumbered.
 You were wielding a bow.
 You had basic skill with bow and could have enhanced that.

Final Attributes:
 You were piously aligned.
 You were sleep resistant.
 You were poison resistant.
 You were telepathic.
 You had automatic searching.
 You had infravision.
 You were stealthy.
 You were warded.
 You are dead.

Miscellaneous:
 You didn't encounter any bones levels.
 Total elapsed playing time was 1 hour, 32 minutes and 53 seconds.

Major events:
 Turn
    1: Enkindle23 the chaotic female elven Ranger entered the dungeon
  285: attained the rank of Lookout (level 3)
 1474: entered the Gnomish Mines
 1845: attained the rank of Trailblazer (level 6)
 2400: reached Mine Town
 2692: killed by a lynx

You didn't know any spells.

Skills:
 Fighting Skills
   bare handed combat [Unskilled]
   riding             [Unskilled]
 Weapon Skills
   dagger             [Skilled]
   knife              [Unskilled]
   axe                [Unskilled]
   pick-axe           [Unskilled]
   short sword        [Unskilled]
   morning star       [Unskilled]
   flail              [Unskilled]
   hammer             [Unskilled]
   quarterstaff       [Unskilled]
   polearms           [Unskilled]
   spear              [Unskilled]
   trident            [Unskilled]
   bow                [Basic]
   sling              [Unskilled]
   crossbow           [Unskilled]
   dart               [Unskilled]
   shuriken           [Unskilled]
   boomerang          [Unskilled]
   whip               [Unskilled]
 Spellcasting Skills
   healing spells     [Unskilled]
   divination spells  [Unskilled]
   escape spells      [Unskilled]

Voluntary challenges:
 Character rerolling was not enabled.
 You never genocided any monsters.
 You never polymorphed an object.
 You never changed form.
 You used no wishes.
Achievements:
 You attained the rank of Lookout.
 You entered a shop.
 You entered the Gnomish Mines.
 You attained the rank of Trailblazer.
 You entered Minetown.
 You entered a temple.

 The Dungeons of Doom: levels 1 to 5
    Level 1:
       An altar, some fountains, a sink.
    Level 2:
       A grave.
    Level 3:
       A general store, a fountain.
    Level 4:
       A fountain.
       Stairs down to The Gnomish Mines.
    Level 5:
 The Gnomish Mines: levels 5 to 9
    Level 5:
    Level 6:
    Level 7:
    Level 8: <- You were here.
       A food shop, a temple and an altar to Mars.
       Final resting place for
          you, killed by a lynx.
    Level 9:


Vanquished creatures:
  a black pudding
  a small mimic
  2 lizards
  a snake
 an imp
  a mountain nymph
  4 gnome leaders
  2 gnomish wizards
  a giant ant
  2 floating eyes
  5 dwarves
  3 hill orcs
  2 rothes
  a rabid rat
  a giant bat
  2 dwarf zombies
  3 hobbits
  2 manes
  a hobgoblin
  a red mold
 26 gnomes
  a gnome zombie
  4 geckos
  2 jackals
  a fox
  a kobold
  2 goblins
  6 grid bugs
  3 lichens
  a kobold zombie
  3 newts
87 creatures vanquished.

No species were genocided or became extinct.

Game over:
                       ----------
                      /          \
                     /    REST    \
                    /      IN      \
                   /     PEACE      \
                  /                  \
                  |    Enkindle23    |
                  |      84 Au       |
                  | killed by a lynx |
                  |                  |
                  |                  |
                  |                  |
                  |       2026       |
                 *|     *  *  *      | *
        _________)/\\_//(\/(/\)/\//\/|_)_______

Goodbye Enkindle23 the Ranger...

You died in The Gnomish Mines on dungeon level 8 with 3940 points,
and 84 pieces of gold, after 2692 moves.
You were level 7 with a maximum of 54 hit points when you died.

